 Dungeon Crawl Stone Soup version 0.25-a0-290-g4a1327ee3a (webtiles) character file.

Game seed: 16650086236203359588, levelgen mode: classic

251 Borgoz the Skirmisher (level 5, -7/48 HPs)
             Began as a Minotaur Berserker on Dec 14, 2019.
             Was a Priest of Trog.
             Mangled by a worm (9 damage)
             ... on level 3 of the Dungeon.
             The game lasted 00:02:24 (2342 turns).

Borgoz the Skirmisher (Minotaur Berserker)          Turns: 2342, Time: 00:02:24

Health: -7/48      AC:  7    Str: 21    XL:     5   Next: 88%
Magic:  4/4        EV: 11    Int:  4    God:    Trog [***...]
Gold:   220        SH:  0    Dex: 11    Spells: 4/4 levels left

rFire    . . .     SeeInvis .   a - +0 hand axe
rCold    . . .     Gourm    .   (no shield)
rNeg     + . .     Faith    .   i - +0 scale mail
rPois    .         Spirit   .   (helmet restricted)
rElec    .         Reflect  .   (no cloak)
rCorr    .         Harm     .   (no gloves)
MR       .....                  (no boots)
Stlth    ..........             (no amulet)
HPRegen  0.16/turn              b - ring of positive energy
MPRegen  0.09/turn              q - ring of attention (curse)

@: no status effects
A: retaliatory headbutt, horns 2
a: Berserk, Trog's Hand, Renounce Religion


You were on level 3 of the Dungeon.
You worshipped Trog.
Trog was most pleased with you.
You were not hungry.

You visited 1 branch of the dungeon, and saw 3 of its levels.

You collected 220 gold pieces.

Inventory:

Hand Weapons
 a - a +0 hand axe (weapon)
Missiles
 j - a throwing net (quivered)
Armour
 i - a +0 scale mail (worn)
Jewellery
 b - a ring of positive energy (left hand)
 q - a cursed ring of attention (right hand)
Wands
 m - a wand of polymorph (4)
Scrolls
 d - 4 scrolls of remove curse {unknown}
 f - 4 scrolls of teleportation {unknown}
 g - 6 scrolls of identify {unknown}
 k - a scroll of enchant armour {unknown}
Potions
 e - 3 potions of curing {unknown}
 h - a potion of brilliance {unknown}
 l - a potion of mutation {unknown}
 n - a potion of ambrosia {unknown}
 p - 3 potions of heal wounds {unknown}
Comestibles
 c - 4 rations
 o - a chunk of flesh


   Skills:
 + Level 5.1 Fighting
 + Level 5.0 Axes
 + Level 4.2 Armour
 + Level 3.8 Dodging


You had 4 spell levels left.
You didn't know any spells.
Your spell library was empty.

Dungeon Overview and Level Annotations

Branches:
Dungeon (3/15)

Altars:
Trog
The Shining One


Innate Abilities, Weirdness & Mutations

You reflexively headbutt those who attack you in melee.
You have a pair of horns on your head.


Message History

You barely miss the worm.
The worm is almost dead.
The worm bites you!
You barely miss the worm.
The worm is almost dead.
The worm bites you.
You are too injured to fight recklessly!
You are too injured to fight recklessly!
You are too injured to fight recklessly!
You are too injured to fight recklessly!
The worm bites you!
* * * LOW HITPOINT WARNING * * *
You barely miss the worm. You headbutt the worm.
The worm is severely wounded.
The worm bites you!
* * * LOW HITPOINT WARNING * * *
You barely miss the worm.
The worm is severely wounded.
The worm bites you!
You die...

###.# #.########## #.#
##### ###.##
#..........## #.# #....
##...############...#
#.# #.### ...#.......#
###.# #.####.#
##...#####.#
####.####......# ###.##
#.# ##.......########
.....# #.# ##.........##
#### .##..# #.#
#....†......# #...
..^..# #.###..@w###....#
#.## .###.#
#...#...##y##...# #.# .#
#.# #####...†###....#
#÷# .# #.# ##.........##
#.# .#
#.##########...._..).###
#.## .#
#.....>....##.)...).##.#
#.#. .#
###############..)####.#
#.#. .# ###### #.# #.#.
## #.#>#####.####.#)


You could see a moth of wrath and a worm (berserk).

Vanquished Creatures
  A jelly (D:2)
  Jessica (D:2)
  An orc wizard (D:3)
  8 adders
  An ooze (D:2)
  4 worms
  A dart slug (D:3)
  4 leopard geckos
  7 orcs (D:3)
  3 giant cockroaches (D:1)
  6 goblins
  9 hobgoblins
  4 jackals (D:3)
  9 kobolds
  2 quokkas (D:2)
  3 bats
  4 frilled lizards
  10 rats
78 creatures vanquished.

Notes
Turn   | Place    | Note
-------+----------+-------------------------------------------
     0 | D:1      | Borgoz the Minotaur Berserker began the quest for the Orb.
     0 | D:1      | Reached XP level 1. HP: 19/19 MP: 0/0
   302 | D:1      | Reached XP level 2. HP: 27/27 MP: 1/1
   564 | D:2      | Reached XP level 3. HP: 31/33 MP: 2/2
   611 | D:2      | Reached XP level 4. HP: 39/41 MP: 3/3
   673 | D:2      | Reached ** piety under Trog
   726 | D:2      | Noticed Jessica
   735 | D:2      | Killed Jessica
   917 | D:2      | Reached XP level 5. HP: 47/47 MP: 4/4
  1117 | D:2      | Found a glowing golden altar of the Shining One.
  2280 | D:3      | Reached skill level 5 in Fighting
  2282 | D:3      | Reached *** piety under Trog
  2287 | D:3      | Reached skill level 5 in Axes
  2318 | D:3      | Noticed a moth of wrath
  2325 | D:3      | Found a bloodstained altar of Trog.
  2341 | D:3      | HP: 2/48 [worm (9)]
  2342 | D:3      | Mangled by a worm

Levels and vault maps discovered:
D:1:      matt_arrival_diagonals, layout_basic, minmay_misc_feat_iff,
          minmay_misc_feat_square, hangedman_glass_teeth
D:2:      layout_loops_ring, nicolae_overflow_hidden_temple, first_ration,
          minmay_fractal_squares_5, uniq_jessica, uniq_natasha
D:3:      layout_loops_ring, tgw_trog

Skill      XL: |  1  2  3  4  5 |
---------------+----------------+-----
Fighting       | 4 5 |  5.1
Axes           | 4 5 |  5.0
Armour         | 3 4 |  4.2
Dodging        | 3 |  3.8

Action                   |  1- 3 |  4- 6 || total
-------------------------+-------+-------++-------
Melee: Hand axe          |    40 |   142 ||   182
       Headbutt          |    10 |    29 ||    39
  Eat: Chunk             |       |     5 ||     5
Armor: Animal skin       |     1 |       ||     1
       Scale mail        |    10 |    46 ||    56
       Skin              |       |    20 ||    20
Dodge: Dodged            |    23 |    68 ||    91

Table legend:
 A = Non-vault XP
 B = Vault XP
 C = Vault XP percentage of total XP
 D = Non-vault monster count
 E = Vault monster count
 F = Vault count percentage of total count
                 A         B        C        D         E       F
            +---------+---------+-------+---------+---------+-------
      Total |     264 |      95 |  26.5 |      68 |      10 |  12.8
            +---------+---------+-------+---------+---------+-------
        D:1 |      20 |       0 |   0.0 |      12 |       0 |   0.0
        D:2 |     113 |      87 |  43.5 |      28 |       6 |  17.6
        D:3 |     131 |       8 |   5.8 |      28 |       4 |  12.5
            +---------+---------+-------+---------+---------+-------
